 Dungeon Crawl Stone Soup version 0.19-a0-1740-g0bcaf2e (webtiles) character file.

180 kae the Ruffian (level 5, 0/45 HPs)
             Began as a Draconian Transmuter on Oct 2, 2016.
             Slain by Crazy Yiuf
             ... wielding a +4 quarterstaff of chaos
              (8 damage)
             ... on level 3 of the Dungeon.
             The game lasted 00:04:20 (3602 turns).

kae the Ruffian (Draconian Transmuter)              Turns: 3602, Time: 00:04:20

Health: 0/45       AC:  6    Str: 13    XL:     5   Next: 33%
Magic:  8/8        EV: 12    Int:  8    God:
Gold:   184        SH:  0    Dex: 12    Spells: 3 memorised, 2 levels left

rFire  . . .     SeeInvis .       - Unarmed
rCold  . . .     Gourm    .     (armour unavailable)
rNeg   . . .     Faith    .     (no shield)
rPois  .         Spirit   .     (helmet restricted)
rElec  .         Dismiss  .     m - +0 cloak
rCorr  .         Reflect  .     (no gloves)
MR     .....     Harm     .     (no boots)
Stlth  +.........               (no amulet)
                                (no ring)
                                e - -5 ring of intelligence (curse)

@: lethally poisoned (0 -> -3), drained
A: unfitting armour, cold-blooded, AC +5
a: no special abilities


You were on level 3 of the Dungeon.
You were very hungry.

You visited 1 branch of the dungeon, and saw 3 of its levels.

You collected 184 gold pieces.

Inventory:

Missiles
 a - 35 arrows
Armour
 m - a +0 cloak (worn)
Jewellery
 d - an uncursed ring of poison resistance {unknown}
 e - a cursed -5 ring of intelligence (left hand)
Scrolls
 k - a scroll of recharging
 q - 2 scrolls of identify
Potions
 f - 2 potions of flight
 i - 2 potions of berserk rage
 p - a potion of heal wounds {unknown}
Books
 b - a book of Changes

   Spells                             Type                      Level
   a - Beastly Appendage              Transmutation                1
   b - Sticks to Snakes               Transmutation                2
   c - Spider Form                    Transmutation/Poison         3
   d - Ice Form                       Ice/Transmutation            4
   e - Blade Hands                    Transmutation                5
Comestibles
 c - 2 bread rations
 g - 2 meat rations
 h - 2 slices of pizza
 j - 3 fruits
 l - a beef jerky


   Skills:
 + Level 3.1(2.8) Fighting
 - Level 1.7(1.4) Dodging
 * Level 4.6(4.3) Unarmed Combat
 - Level 2.0(1.7) Spellcasting
 + Level 3.3(3.0) Transmutations


You had 2 spell levels left.
You knew the following spells:

 Your Spells              Type           Power        Failure   Level  Hunger
a - Beastly Appendage     Tmut           #.....       14%         1    ##.....
b - Sticks to Snakes      Tmut           #.......     21%         2    ###....
c - Spider Form           Tmut/Pois      #.........   73%         3    ####...


Dungeon Overview and Level Annotations

Branches:
Dungeon (3/15)

Altars:
Elyvilon

Annotations:
D:3 Crazy Yiuf


Innate Abilities, Weirdness & Mutations

Your plain brown scales are hard. (AC +5)
You cannot fit into any form of body armour.
You are cold-blooded and may be slowed by cold attacks.


Message History

Crazy Yiuf hits you with a quarterstaff of chaos.
* * * LOW HITPOINT WARNING * * *
You are too injured to fight recklessly!
You closely miss Crazy Yiuf.
Crazy Yiuf is severely wounded.
Your talons disappear.
You feel yourself speed up.
You feel sick.
Crazy Yiuf laughs, "Gum!"
Crazy Yiuf closely misses you. x2
Unknown command.
You closely miss Crazy Yiuf.
Crazy Yiuf is severely wounded.
You feel sick.
Crazy Yiuf sings, "Trees, trees, trees, circus!"
Crazy Yiuf misses you.
Unknown command.
You hit Crazy Yiuf.
Crazy Yiuf is almost dead.
Crazy Yiuf hits you with a quarterstaff of chaos!
You die...

#.# #######
##.^## #......
#.# #.....#
#...## #.#####
#.## #.#####
##...# ###.### #
...###.#####
##.## #.....###
...........# ##.#
#.###....
...###.###.# #.##
#.# #.)## #.##
#.# #.# ##.#
#.###[..# #.#
#.###.# #.##
#.......# #.#
#.....# *#@#*
#.#...... #'##
#####.# #.g.#
#...##..# <..##
#.# #...#
#..###..# ....##
#.# #)..#
#.......# .....##
#.# #####
##..#####.
.รท)...####.#
###...####..
......'....######
#........+..
......####...##.#
###...####..
.....## ##.###.#
##..# ##.


You could see Crazy Yiuf.

Vanquished Creatures
  Jessica (D:3)
  6 adders
  2 oozes
  3 worms
  A dart slug (D:1)
  2 leopard geckos
  2 orcs (D:3)
  9 bats
  3 giant cockroaches
  6 goblins
  14 hobgoblins
  3 jackals (D:1)
  2 quokkas (D:2)
  3 ball pythons
  4 frilled lizards
  12 kobolds
  6 rats
79 creatures vanquished.

Notes
Turn   | Place    | Note
-------+----------+-------------------------------------------
     0 | D:1      | kae the Draconian Transmuter began the quest for the Orb.
     0 | D:1      | Reached XP level 1. HP: 16/16 MP: 3/3
   413 | D:1      | Reached XP level 2. HP: 24/24 MP: 5/5
   948 | D:1      | Reached XP level 3. HP: 25/29 MP: 6/6
  1620 | D:2      | Reached skill level 4 in Unarmed Combat
  1652 | D:2      | Found a white marble altar of Elyvilon.
  1759 | D:2      | Reached XP level 4. HP: 21/36 MP: 7/7
  2431 | D:3      | Learned a level 2 spell: Sticks to Snakes
  2435 | D:3      | Learned a level 3 spell: Spider Form
  3028 | D:3      | Noticed Jessica
  3042 | D:3      | Killed Jessica
  3042 | D:3      | Reached XP level 5. HP: 22/44 MP: 8/8
  3425 | D:3      | Found a runed door.
  3588 | D:3      | Noticed Crazy Yiuf
  3602 | D:3      | Slain by Crazy Yiuf

Vault maps used:
D:1:      zelgadis_glass_arrival_small
D:2:      kennysheep_flooded_box, fountainhead
D:3:      uniq_crazy_yiuf_cottage, uniq_jessica

Skill      XL: |  1  2  3  4  5 |
---------------+----------------+-----
Fighting       | 2 3 |  3.1
Unarmed Combat | 4 |  4.6
Transmutations | 3 |  3.3
Dodging        | |  1.7
Spellcasting   | |  2.0

Action                   |  1- 3 |  4- 6 || total
-------------------------+-------+-------++-------
Melee: Unarmed           |   141 |   160 ||   301
       Tailslap          |    13 |    12 ||    25
       Kick              |     5 |    10 ||    15
       Headbutt          |     5 |     2 ||     7
       Punch             |       |     2 ||     2
 Cast: Beastly Appendage |     7 |     8 ||    15
  Use: Scroll            |     2 |     4 ||     6
 Stab: Sleeping          |     2 |     1 ||     3
  Eat: Chunk             |     3 |     5 ||     8
Armor: Skin              |    48 |    40 ||    88
Dodge: Dodged            |   101 |    88 ||   189
